 Dungeon Sprint DCSS version 0.16-a0-3807-g3748f16 (console) character file.

5038 Monkaria the Demolition Orc (level 10, 0/101 HPs)
             Began as a Hill Orc Fighter on Jan 27, 2015.
             Was an Elder of Makhleb.
             Slain by a catoblepas (16 damage)
             ... in the Dungeon (Sprint IX: "|||||||||||||||||||||||||||||").
             The game lasted 00:06:15 (1665 turns).

Monkaria the Demolition Orc (Hill Orc Fighter)      Turns: 1665, Time: 00:06:15

Health: 0/101      AC: 15    Str: 23    XL:     10   Next: 55%
Magic:  28/28      EV:  2    Int:  8    God:    Makhleb [****..]
Gold:   15         SH:  0    Dex: 10    Spells: 0 memorised, 9 levels left

rFire  . . .     SeeInvis .     p - +2 scimitar (holy)
rCold  . . .     Clarity  .     s - +0 plate armour
rNeg   . . .     SustAb   .     c - +0 shield
rPois  .         Gourm    .     q - +0 helmet
rElec  .         Spirit   .     b - +0 cloak
rCorr  .         Warding  .     (no gloves)
rMut   .         NoTele   +     r - +0 pair of boots
MR     .....                    (no amulet)
Stlth  ..........               (no ring)
                                (no ring)

@: petrifying (expiring), very slow, not resistant to hostile enchantments,
extremely unstealthy
A: no striking features
a: Minor Destruction, Lesser Servant of Makhleb, Major Destruction, Renounce
Religion


You were in the Dungeon.
You worshipped Makhleb.
Makhleb was greatly pleased with you.
You were very hungry.

You visited 1 branch You collected 15 gold pieces.

Inventory:

Hand weapons
 p - a +2 scimitar of holy wrath (weapon)
Armour
 b - a +0 cloak (worn)
 c - a +0 shield (worn)
 q - a +0 helmet (worn)
 r - a +0 pair of boots (worn)
 s - a +0 plate armour (worn)
Jewellery
 t - a +2 ring of evasion
 u - a +3 ring of dexterity
Magical devices
 a - a wand of digging (6)
 o - a wand of fire (0)
Scrolls
 m - 3 scrolls of remove curse
 n - 2 scrolls of amnesia
 w - 2 scrolls of recharging
 x - 2 scrolls of fog
 y - a scroll of identify
Potions
 e - a potion of might
 f - 6 potions of curing
 g - 2 potions of agility
 h - a potion of haste
 i - 4 potions of magic
 l - 2 potions of berserk rage
Comestibles
 d - a meat ration


   Skills:
 - Level 13.2 Fighting
 - Level 17.0 Long Blades
 + Level 4.6 Armour
 - Level 3.2 Shields
 - Level 17.4 Invocations


You had 9 spell levels left.
You didn't know any spells.

Dungeon Overview and Level Annotations

Branches:
Dungeon (1/1)

Altars:
Cheibriados
Dithmenos
Elyvilon
Fedhas
Gozag
Kikubaaqudgha
Makhleb
Nemelex Xobeh
Okawaru
Qazlal
Ru
Sif Muna
Trog
Vehumet
Xom
Yredelemnul
Zin
The Shining One
Beogh
Jiyva
Lugonu


Message History

The catoblepas breathes a plume of calcifying dust at you.
The blast of calcifying dust hits you!
You turn to flesh and can move again.
There is an open door to the Lair here.
Unknown command.
Unknown command.
You hit the catoblepas.
The catoblepas is almost dead.
The yak is no longer petrified.
The catoblepas breathes a plume of calcifying dust at you.
The blast of calcifying dust hits you!
You completely miss the catoblepas.
The catoblepas is almost dead.
You are engulfed in calcifying dust.
You are slowing down.
You completely miss the catoblepas.
The catoblepas is almost dead.
You are engulfed in calcifying dust.
Your limbs have turned to stone.
The catoblepas gores you!!
You die...

▓_▓.▓.▓
▓_▓.▓.▓
▓_▓.▓.▓
▓_▓.▓Y▓
▓_▓.▓.▓
▓_▓.▓.▓
▓_▓.▓.▓
▓_▓.▓Y▓
▓_▓.▓@▓
▓_▓.▓§▓
▓_▓.▓§▓
▓_▓.▓.▓
▓'▓.▓.▓
▓.▓.▓.▓
▓.▓.▓(▓
▓.▓.▓[▓
▓.▓.▓.▓


You could see a catoblepas and a yak.

Vanquished Creatures
  A hydra (D)
  A manticore (D)
  A griffon (D)
  Maurice (D)
  A torpor snail (D)
  A komodo dragon (D)
  2 yaks (D)
  A shadow (D)
  2 water moccasins (D)
  An orc warrior (D)
  An ice beast (D)
  A black bear (D)
  2 porcupines (D)
  An ogre (D)
  A boring beetle (D)
  2 crocodiles (D)
  A giant frog (D)
  A scorpion (D)
  An iguana (D)
  An orc wizard (D)
  2 river rats (D)
  An adder (D)
  A worm (D)
  A goblin (D)
  A hobgoblin (D)
  4 bats (D)
  2 giant cockroaches (D)
  A giant gecko skeleton (D)
  A jackal zombie (D)
  A rat (D)
39 creatures vanquished.

Vanquished Creatures (collateral kills)
  2 death yaks (D)
  A griffon (D)
  An elephant (D)
  2 yaks (D)
6 creatures vanquished.

Vanquished Creatures (others)
  A cacodemon (D)
  4 green deaths (D)
  A yak (D)
6 creatures vanquished.

Grand Total: 51 creatures vanquished

Notes
Turn   | Place    | Note
--------------------------------------------------------------
     0 | D        | Monkaria, the Hill Orc Fighter, began the quest for the Orb.
     0 | D        | Reached XP level 1. HP: 19/19 MP: 1/1
    11 | D        | Reached skill level 4 in Fighting
    62 | D        | Reached XP level 2. HP: 8/28 MP: 2/2
    70 | D        | Reached skill level 5 in Long Blades
    81 | D        | Found a glowing silver altar of Zin.
    81 | D        | Found a glowing golden altar of the Shining One.
    81 | D        | Found an ancient bone altar of Kikubaaqudgha.
    81 | D        | Found a basalt altar of Yredelemnul.
    81 | D        | Found a shimmering altar of Xom.
    81 | D        | Found a radiant altar of Vehumet.
    81 | D        | Found an iron altar of Okawaru.
    82 | D        | Found a burning altar of Makhleb.
    83 | D        | Found a deep blue altar of Sif Muna.
    84 | D        | Found a bloodstained altar of Trog.
    85 | D        | Found a sparkling altar of Nemelex Xobeh.
    86 | D        | Found a white marble altar of Elyvilon.
    87 | D        | Found a roughly hewn altar of Beogh.
    88 | D        | Found a viscous altar of Jiyva.
    89 | D        | Found a corrupted altar of Lugonu.
    90 | D        | Found a blossoming altar of Fedhas.
    91 | D        | Became a worshipper of Makhleb the Destroyer
    92 | D        | Found a snail-covered altar of Cheibriados.
    93 | D        | Found a shadowy altar of Dithmenos.
    94 | D        | Found a stormy altar of Qazlal.
    95 | D        | Found an opulent altar of Gozag.
    96 | D        | Found a sacrificial altar of Ru.
   278 | D        | Noticed an orc warrior
   278 | D        | Noticed a black bear
   278 | D        | Noticed an ogre
   278 | D        | Noticed an ice beast
   278 | D        | Noticed a scorpion
   279 | D        | Killed a scorpion
   279 | D        | Reached skill level 6 in Fighting
   279 | D        | Reached skill level 7 in Long Blades
   279 | D        | Reached XP level 3. HP: 34/37 MP: 3/3
   279 | D        | Reached XP level 4. HP: 40/44 MP: 4/4
   279 | D        | Acquired Makhleb's first power
   280 | D        | Killed an ice beast
   280 | D        | Reached skill level 9 in Long Blades
   280 | D        | Reached XP level 5. HP: 44/53 MP: 5/5
   280 | D        | Killed an ogre
   280 | D        | Reached skill level 10 in Long Blades
   280 | D        | Reached XP level 6. HP: 48/63 MP: 6/6
   284 | D        | Killed a black bear
   284 | D        | Acquired Makhleb's second power
   284 | D        | Reached skill level 11 in Long Blades
   301 | D        | Killed an orc warrior
   301 | D        | Reached skill level 10 in Fighting
   301 | D        | Reached skill level 12 in Long Blades
   539 | D        | Noticed an orc wizard
   539 | D        | Noticed a water moccasin
   539 | D        | Noticed a manticore
   539 | D        | Noticed a griffon
   539 | D        | Noticed a shadow
   542 | D        | Killed a shadow
   542 | D        | Reached skill level 13 in Long Blades
   542 | D        | Reached XP level 7. HP: 57/74 MP: 7/7
   543 | D        | Acquired Makhleb's third power
   548 | D        | Killed an orc wizard
   549 | D        | Killed a water moccasin
   549 | D        | Reached skill level 14 in Long Blades
   550 | D        | Killed a griffon
   550 | D        | Acquired Makhleb's fourth power
   550 | D        | Reached skill level 15 in Long Blades
   550 | D        | Reached XP level 8. HP: 37/85 MP: 8/8
   557 | D        | Killed a manticore
   557 | D        | Reached skill level 16 in Long Blades
   799 | D        | Noticed Maurice
   829 | D        | Killed Maurice
   829 | D        | Reached skill level 17 in Long Blades
   829 | D        | Reached XP level 9. HP: 93/93 MP: 9/9
   903 | D        | Noticed a giant frog
   903 | D        | Noticed a water moccasin
   903 | D        | Noticed a yak
   903 | D        | Noticed a porcupine
   903 | D        | Noticed a seven-headed hydra
   903 | D        | Noticed a porcupine
   907 | D        | Killed a porcupine
   908 | D        | Acquired Makhleb's fifth power
   925 | D        | Killed a giant frog
   925 | D        | Reached skill level 5 in Invocations
   931 | D        | Killed a water moccasin
   940 | D        | HP: 4/93 [yak (8)]
   944 | D        | Killed a yak
   947 | D        | Killed a porcupine
   949 | D        | Noticed a griffon
   949 | D        | Noticed an elephant
   949 | D        | Noticed a torpor snail
   949 | D        | Noticed a crocodile
   949 | D        | Noticed a yak
   949 | D        | Noticed a komodo dragon
   949 | D        | Noticed an iguana
   960 | D        | Killed a seven-headed hydra
   961 | D        | Killed an iguana
   968 | D        | Killed a komodo dragon
   973 | D        | Killed a yak
   981 | D        | Killed a crocodile
   981 | D        | Reached XP level 10. HP: 42/101 MP: 20/26
   991 | D        | Killed a torpor snail
  1296 | D        | Killed an elephant
  1306 | D        | Killed a griffon
  1306 | D        | Reached skill level 15 in Invocations
  1383 | D        | Noticed a crocodile
  1390 | D        | Killed a crocodile
  1403 | D        | Noticed a boring beetle
  1551 | D        | Killed a boring beetle
  1571 | D        | Noticed a yak
  1571 | D        | Noticed a catoblepas
  1571 | D        | Noticed a death yak
  1571 | D        | Noticed a yak
  1571 | D        | Noticed a yak
  1571 | D        | Noticed a yak
  1571 | D        | Noticed a death yak
  1579 | D        | Noticed a yak
  1592 | D        | Killed a death yak
  1603 | D        | Killed a death yak
  1607 | D        | Killed a yak
  1608 | D        | Killed a yak
  1626 | D        | Killed a yak
  1665 | D        | Slain by a catoblepas

Action                   |  1- 3 |  4- 6 |  7- 9 | 10-12 || total
-------------------------+-------+-------+-------+-------++-------
Melee: Long sword        |    40 |       |       |       ||    40
       Scimitar          |       |    22 |    82 |    38 ||   142
Invok: Greater Servant o |       |       |     2 |     4 ||     6
       Major Destruction |       |       |     2 |     1 ||     3
Evoke: Wand              |       |     2 |     6 |       ||     8
  Use: Potion            |       |       |     5 |       ||     5
       Scroll            |       |       |     2 |       ||     2
  Eat: Chunk             |       |       |       |     2 ||     2
       Beef jerky        |       |       |       |     1 ||     1
